 Dungeon Crawl Stone Soup version 0.31-a0-231-g51bb95cda3 (webtiles) character file.

Game seed: 7552258478869495624

71 qw the Shooter (level 4, -5/36 HPs)
             Began as a Minotaur Hexslinger on July 6, 2023.
             Slain by a worm (11 damage)
             ... on level 2 of the Dungeon.
             The game lasted 00:00:23 (850 turns).

qw the Shooter (Minotaur Hexslinger)                 Turns: 850, Time: 00:00:23

Health: -5/36      AC:  2    Str: 13    XL:     4   Next: 5%
Magic:  4/4        EV: 12    Int: 10    God:
Gold:   7          SH:  0    Dex: 14    Spells: 4/5 levels left

rFire   . . .        Y - +2 sling (flame)
rCold   . . .        (no shield)
rNeg    . . .        c - +0 robe
rPois   .            (helmet restricted)
rElec   .            (no cloak)
rCorr   .            (no gloves)
SInv    .            (no boots)
Will    .....        (no amulet)
Stlth   +            (no ring)
HPRegen 0.26/turn    (no ring)
MPRegen 0.09/turn

%: no passive effects
@: lethally poisoned (-5 -> -6)
A: horns 2, retaliatory headbutt
a: no special abilities


You were on level 2 of the Dungeon.
You visited 1 branch of the dungeon, and saw 2 of its levels.

You collected 7 gold pieces.


Innate Abilities, Weirdness & Mutations

You have a pair of horns on your head.
You reflexively headbutt those who attack you in melee.


   Skills:
 - Level 2.0 Fighting
 + Level 4.5 Ranged Weapons
 - Level 2.1 Dodging
 - Level 1.0 Spellcasting
 - Level 2.0 Hexes


You had 4 spell levels left.
You knew the following spells:

 Your Spells              Type           Power      Damage    Failure   Level
a - Slow                  Hex            16%        N/A       16%         1

Your spell library contained the following spells:

 Spells                   Type           Power      Damage    Failure   Level
 Inner Flame              Hex/Fire       2%         N/A       56%         3
 Portal Projectile        Hex/Tloc       4%         N/A       56%         3
 Cause Fear               Hex            2%         N/A       83%         4

Inventory:

Hand Weapons
 Y - a +2 sling of flaming (weapon)
Armour
 c - a +0 robe (worn)
Scrolls
 a - 3 scrolls of identify
Potions
 b - a potion of haste {unknown}

Dungeon Overview and Level Annotations

Branches:
Dungeon (2/15)

Altars:

Shops:
D:1 *


Message History

You kill the jackal!
The adder closely misses you. You furiously retaliate!
You headbutt the adder!
You kill the adder!
The jackal closely misses you.
You shoot a sling bullet. The sling bullet hits the adder.
The sling bullet burns the adder.
The adder is severely wounded.
The adder bites you but does no damage. The jackal bites you.
The jackal closely misses you. The adder bites you.
You are poisoned.
The adder poisons you!
You shoot a sling bullet.
The sling bullet barely misses the adder.
You feel sick. The endoplasm barely misses you. The jackal barely misses you.
The adder closely misses you. The worm closely misses you.
You furiously retaliate!
You headbutt the worm. You shoot a sling bullet.
The sling bullet hits the adder.
The sling bullet burns the adder.
You kill the adder!
You feel sick.
The jackal bites you but does no damage.
The endoplasm hits you.
The jackal bites you but does no damage.
The endoplasm freezes you.
You are frozen.
You have reached level 4!
You feel stronger.
You shoot a sling bullet. The sling bullet hits the worm.
The sling bullet burns the worm.
The worm is lightly wounded.
You feel sick. The jackal barely misses you. The worm misses you.
The endoplasm freezes you.
You are frozen.
The jackal barely misses you.
You shoot a sling bullet. The sling bullet hits the worm.
The sling bullet burns the worm.
The worm is moderately wounded.
You feel sick. The jackal closely misses you. You furiously retaliate!
You headbutt the jackal!
You kill the jackal!
The endoplasm hits you. The worm bites you!
You die...

..... .. .... ....
..... .... #... #.
..###.. #. ##..%.##
#. #....%w# ##.
#.###...J@.# #..
#..#.......# #.#
#.........# #.#
#..#......#
#.#######.......(.#
#...##.....#......#
#......#..[.......#
#..#.....##.........
......#.####.........


You could see a worm and an endoplasm.

Vanquished Creatures
  3 adders (D:2)
  A dart slug (D:2)
  6 ball pythons
  An endoplasm (D:1)
  A giant cockroach (D:1)
  4 hobgoblins (D:1)
  10 jackals
  A kobold (D:1)
  5 quokkas (D:1)
  2 bats (D:1)
  3 frilled lizards (D:1)
  3 rats (D:1)
40 creatures vanquished.

Notes
Turn   | Place    | Note
-------+----------+-------------------------------------------
     0 | D:1      | qw the Minotaur Hexslinger began the quest for the Orb.
     0 | D:1      | Reached XP level 1. HP: 16/16 MP: 1/1
     0 | D:1      | 0 ||| qw: Version: 0.3-a-46-gb1f654a
     0 | D:1      | 0 ||| qw: Game counter: 1865
     0 | D:1      | 0 ||| qw: Melee chars always use a shield: true
     0 | D:1      | 0 ||| qw: God list: Okawaru
     0 | D:1      | 0 ||| qw: Allow faded altars: false
     0 | D:1      | 0 ||| qw: Do Orc after clearing Dungeon:15 true
     0 | D:1      | 0 ||| qw: Do second Lair branch before Depths: true
     0 | D:1      | 0 ||| qw: Lair rune preference: random
     0 | D:1      | 0 ||| qw: Goals: Normal
     0 | D:1      | 0 ||| PLANNING D:1-11
    26 | D:1      | Reached skill level 3 in Ranged Weapons
    26 | D:1      | Reached XP level 2. HP: 23/23 MP: 2/2
   303 | D:1      | Found Zuintuz's General Store.
   327 | D:1      | 327 ||| SHOPLISTING +1 leather armour of Privacy {Dex+2}
                  | (182 gold, have 0).
   327 | D:1      | 327 ||| SHOPLISTING +2 leather armour of willpower (190
                  | gold, have 0).
   327 | D:1      | 327 ||| SHOPLISTING +4 heavy shortbow (274 gold, have 0).
   327 | D:1      | 327 ||| SHOPLISTING potion of curing (30 gold, have 0).
   327 | D:1      | 327 ||| SHOPLISTING ring of positive energy (200 gold, have
                  | 0).
   328 | D:1      | You fall into a shaft and drop 1 floor!
   348 | D:2      | Reached XP level 3. HP: 21/29 MP: 3/3
   394 | D:2      | 394 ||| READING 2 scrolls labelled OSOGES XIUNN.
   395 | D:2      | 395 ||| READING scroll labelled PEQ XUDASS.
   396 | D:2      | 396 ||| READING scroll labelled AVUNUGI ZEODD.
   402 | D:2      | 402 ||| READING scroll labelled WEADUD ETOUBB.
   403 | D:2      | 403 ||| DROPPING scroll of poison.
   404 | D:2      | 404 ||| Stepping randomly (stuck).
   549 | D:1      | Reached skill level 4 in Ranged Weapons
   849 | D:2      | Reached XP level 4. HP: 10/36 MP: 4/4
   849 | D:2      | HP: 8/36 [frozen (2)]
   850 | D:2      | Slain by a worm

Levels and vault maps discovered:
D:1:      dpeg_arrival_arbitrary_c, layout_rooms, serial_shops,
          nicolae_shop_tiny_statue_garden, serial_forest,
          infiniplex_forest_lined_room_2, infiniplex_forest_end_1,
          infiniplex_forest_clump_diagonal, infiniplex_forest_lined_4_way,
          infiniplex_forest_straight_2, infiniplex_forest_end_3,
          infiniplex_forest_straight_2
D:2:      layout_rooms

Skill      XL: |  1  2  3 |
---------------+----------+-----
Ranged Weapons | 3 4 |  4.5
Fighting       | 2 |  2.0
Dodging        | |  2.1
Spellcasting   | |  1.0
Hexes          | |  2.0

Action                     |  1- 3 |  4- 6 || total
---------------------------+-------+-------++-------
   Fire: Sling             |    96 |     2 ||    98
    Use: Scroll            |     4 |       ||     4
 Armour: Robe              |    11 |       ||    11
  Dodge: Dodged            |    55 |     4 ||    59

Table legend:
 A = Non-vault XP
 B = Vault XP
 C = Vault XP percentage of total XP
 D = Non-vault monster count
 E = Vault monster count
 F = Vault count percentage of total count
                 A         B        C        D         E       F
            +---------+---------+-------+---------+---------+-------
      Total |     104 |       0 |   0.0 |      40 |       0 |   0.0
            +---------+---------+-------+---------+---------+-------
        D:1 |      49 |       0 |   0.0 |      29 |       0 |   0.0
        D:2 |      55 |       0 |   0.0 |      11 |       0 |   0.0
            +---------+---------+-------+---------+---------+-------
